Patriotes vs Blackdemons
Created - 12 janvier 2014 at 09:53
Goals
|
| Patriotes |
1 |
0 |
2 |
3 |
| Blackdemons |
0 |
2 |
3 |
5 |
|
Shots
|
| Patriotes |
11 |
12 |
5 |
28 |
| Blackdemons |
17 |
12 |
7 |
36 |
|
1st period
1. Patriotes , Andreas Nodl 26 (T.J Galiardi, Brett Skinner) at 13:36
Penalties :
Curtis Glencross (MJM) for Hooking (Minor) at 6:36
2nd period
2. Blackdemons , Michael Kostka 6 (Antoine Roussel, Shawn Matthias) at 1:09
3. Blackdemons , Enver Lisin 26 (Jakub Kindl) at 3:49
Penalties :
Jakub Kindl (MJM) for Tripping (Minor) at 0:12, Philip Larsen (Nyc) for Interference (Minor) at 0:12, Andrew MacDonald (MJM) for Cross-checking (Minor) at 11:21, Andreas Nodl (Nyc) for Holding (Minor) at 11:21, Ryan White (Nyc) for High sticking (Minor) at 19:36
3rd period
4. Blackdemons , Tomas Kopecky 31 (Antoine Roussel, Michael Kostka) at 0:10 (PP)
5. Blackdemons , Marc-André Cliche 8 (Zach Boychuk, Matt Calvert) at 4:30
6. Blackdemons , Mike Duco 7 (Steven Zalewski) at 7:12
7. Patriotes , Tomas Kubalik 4 (T.J Galiardi) at 9:45
8. Patriotes , Cameron Gaunce 1 (Fedor Fedorov, James Wright) at 12:11
Penalties :
Peter Harrold (MJM) for Hooking (Minor) at 2:16, Philip Larsen (Nyc) for Hooking (Minor) at 9:46
Goalie Stats
Joey MacDonald (Nyc), 31 saves from 36 shots - (0,861), L, 11-8-3, 60:00 minutes
Marc Denis (MJM), 25 saves from 28 shots - (0,893), W, 12-7-1, 60:00 minutes
Players Stats for Patriotes
Player Name G A P +/- PIM S H SB GA TA FO MP PP MP PK MP
------------------------------------------------------------------------------------
Andreas Nodl 1 0 1 1 2 6 1 0 0 0 0/2 19:33 1:45 1:31
Ben Guite 0 0 0 -1 0 1 5 1 0 0 2/8 21:25 2:01 1:31
Brett Skinner 0 1 1 1 0 1 1 3 2 1 0/0 25:52 2:21 1:42
Brock Trotter 0 0 0 -1 0 1 0 0 0 0 0/1 12:33 0:12 0:36
Cameron Gaunce 1 0 1 1 0 1 0 0 0 0 0/0 17:32 0:00 1:28
Christian Hanson 0 0 0 0 0 2 1 0 2 0 10/21 18:47 2:01 0:46
Cory Emmerton 0 0 0 -1 0 1 1 0 0 1 4/9 14:15 1:45 0:00
Davis Drewiske 0 0 0 0 0 0 0 0 0 0 0/0 5:03 1:07 0:00
Fedor Fedorov 0 1 1 -1 0 3 1 0 0 0 1/1 16:34 2:01 0:26
James Wright 0 1 1 1 0 0 2 0 0 0 3/4 12:14 0:00 0:16
Jared Boll 0 0 0 -1 0 2 4 2 1 0 0/0 12:06 0:12 0:00
Joe Charlebois 0 0 0 -3 0 0 3 0 1 0 0/0 23:12 1:47 1:05
Liam Reddox 0 0 0 0 0 1 3 1 0 0 0/0 10:14 0:00 0:00
Philip Larsen 0 0 0 1 4 2 1 0 0 0 0/0 22:12 0:58 0:00
Ryan White 0 0 0 -1 2 0 0 0 0 1 1/5 9:59 0:00 0:00
Ryan Wilson 0 0 0 -1 0 4 3 1 1 2 0/0 23:39 1:43 0:51
T.J Galiardi 0 2 2 1 0 1 2 0 0 1 0/0 16:34 1:45 0:00
Tomas Kubalik 1 0 1 0 0 2 0 0 1 0 0/0 11:41 0:12 0:00
Players Stats for Blackdemons
Player Name G A P +/- PIM S H SB GA TA FO MP PP MP PK MP
------------------------------------------------------------------------------------
Andrew MacDonald 0 0 0 0 2 4 2 1 0 0 0/0 20:16 1:45 1:46
Antoine Roussel 0 2 2 0 0 5 0 0 0 0 0/0 17:02 1:24 0:40
Curtis Glencross 0 0 0 0 2 2 2 1 1 0 2/2 17:33 1:09 0:56
Enver Lisin 1 0 1 0 0 5 2 0 2 0 0/0 19:16 1:09 0:28
Frazer Mclaren 0 0 0 1 0 0 5 0 0 1 0/0 9:10 0:00 1:28
Jakub Kindl 0 1 1 0 2 1 1 2 0 0 0/0 22:04 0:48 1:46
Marc-André Cliche 1 0 1 0 0 2 3 0 0 1 3/4 13:17 0:00 0:00
Matt Calvert 0 1 1 0 0 0 1 0 0 1 0/0 13:01 0:00 0:00
Michael Kostka 1 1 2 2 0 4 0 1 0 0 0/0 23:12 1:45 2:03
Mike Duco 1 0 1 1 0 1 0 0 0 0 0/0 7:42 0:00 0:00
Peter Harrold 0 0 0 -1 2 4 1 1 0 1 0/0 16:27 0:00 0:09
Sam Gagner 0 0 0 1 0 1 4 1 0 1 20/31 20:19 1:24 1:31
Shawn Belle 0 0 0 2 0 0 1 2 1 3 0/0 23:57 0:48 2:12
Shawn Matthias 0 1 1 -1 0 0 2 0 0 0 4/11 16:55 1:09 1:03
Steve Oleksy 0 0 0 -1 0 1 0 2 0 0 0/0 14:14 0:00 0:00
Steven Zalewski 0 1 1 1 0 0 0 0 0 0 0/1 7:42 0:00 0:00
Tomas Kopecky 1 0 1 -1 0 2 1 0 0 0 0/1 16:52 1:24 1:50
Zach Boychuk 0 1 1 0 0 4 2 0 2 0 1/1 13:01 0:00 0:00
3 Stars
1 - Michael Kostka (MJM)
2 - T.J Galiardi (Nyc)
3 - Marc-André Cliche (MJM)
Power Play
Patriotes - 0 on 2 Attempt(s) - 0,00%
Blackdemons - 1 on 2 Attempt(s) - 50,00%
Penalty Kill
Patriotes - 1 on 2 Attempt(s) - 50,00%
- Score 0 goal in Penalty Kill
Blackdemons - 2 on 2 Attempt(s) - 100,00%
- Score 0 goal in Penalty Kill
Official
Referees : Kozari Steve and L'Ecuyer Frederick
Linesman : Jean Morin and Brad Kovachik
Game Notes
Davis Drewiske is injured at 13:00 of 1st period (Right Leg)
Finance
Level 1 -- Attendance: 1603 (80,15%) -- Ticket Income 40 075 $
Level 2 -- Attendance: 787 (78,70%) -- Ticket Income 6 296 $
Total Attendance: 2390 (79,67%)
Total Ticket Income: 46 371 $
Other Income: 2 319 $
Total Income: 48 690 $
Patriotes
5 vs 5 Forward
Center Left Wing Right Wing Time % Phy DF OF
1 Christian Hanson T.J Galiardi Andreas Nodl 40 1 2 2
2 Cory Emmerton Fedor Fedorov Ben Guite 30 1 2 2
3 Ryan White Brock Trotter Jared Boll 20 1 2 2
4 James Wright Liam Reddox Tomas Kubalik 10 1 2 2
5 vs 5 Defense
Defense Defense Time % Phy DF OF
1 Brett Skinner Davis Drewiske 40 1 2 2
2 Ryan Wilson Joe Charlebois 30 1 2 2
3 Philip Larsen Cameron Gaunce 20 1 2 2
4 Brett Skinner Davis Drewiske 10 1 2 2
PowerPlay Forward
Center Left Wing Right Wing Time % Phy DF OF
1 Christian Hanson Fedor Fedorov Ben Guite 60 1 2 2
2 Cory Emmerton T.J Galiardi Andreas Nodl 40 1 2 2
PowerPlay Defense
Defense Defense Time % Phy DF OF
1 Brett Skinner Davis Drewiske 60 1 2 2
2 Ryan Wilson Joe Charlebois 40 1 2 2
Penalty Kill 4 Players Forward
Center Wing Time % Phy DF OF
1 Ben Guite Andreas Nodl 60 1 2 2
2 Christian Hanson Fedor Fedorov 40 1 2 2
Penalty Kill 4 Players Defense
Defense Defense Time % Phy DF OF
1 Brett Skinner Davis Drewiske 60 1 2 2
2 Ryan Wilson Joe Charlebois 40 1 2 2
Penalty Kill - 3 Players Forward
Forward Time % Phy DF OF
1 Ben Guite 60 1 2 2
2 Andreas Nodl 40 1 2 2
Penalty Kill - 3 Players Defense
Defense Defense Time % Phy DF OF
1 Brett Skinner Davis Drewiske 60 1 2 2
2 Ryan Wilson Joe Charlebois 40 1 2 2
4 vs 4 Forward
Center Wing Time % Phy DF OF
1 Ben Guite Andreas Nodl 60 1 2 2
2 Christian Hanson Fedor Fedorov 40 1 2 2
4 vs 4 Defense
Defense Defense Time % Phy DF OF
1 Brett Skinner Davis Drewiske 60 1 2 2
2 Ryan Wilson Joe Charlebois 40 1 2 2
Last Minutes Offensive
Center Left Wing Right Wing Defense Defense
Christian Hanson Fedor Fedorov Ben Guite Brett Skinner Davis Drewiske
Last Minutes Defensive
Center Left Wing Right Wing Defense Defense
Christian Hanson Fedor Fedorov Ben Guite Brett Skinner Davis Drewiske
Goaltenders
Starting : Joey MacDonald
Backup : Leland Irving
Extra Forwards
Normal : Jared Boll, Brock Trotter, Ben Guite - PP : Jared Boll, Brock Trotter - PK : Ben Guite
Extra Defensemen
Normal : Philip Larsen, Cameron Gaunce, Ryan Wilson - PP : Philip Larsen - PK : Cameron Gaunce, Ryan Wilson
Penalty Shots
Ben Guite, Andreas Nodl, Christian Hanson, Fedor Fedorov, Cory Emmerton
Blackdemons
5 vs 5 Forward
Center Left Wing Right Wing Time % Phy DF OF
1 Sam Gagner Curtis Glencross Enver Lisin 40 1 2 2
2 Shawn Matthias Antoine Roussel Tomas Kopecky 30 1 2 2
3 Marc-André Cliche Zach Boychuk Matt Calvert 20 1 3 1
4 Steven Zalewski Frazer Mclaren Mike Duco 10 1 4 0
5 vs 5 Defense
Defense Defense Time % Phy DF OF
1 Michael Kostka Andrew MacDonald 35 1 3 1
2 Shawn Belle Jakub Kindl 35 1 3 1
3 Peter Harrold Steve Oleksy 20 1 3 1
4 Michael Kostka Jakub Kindl 10 1 3 1
PowerPlay Forward
Center Left Wing Right Wing Time % Phy DF OF
1 Sam Gagner Antoine Roussel Tomas Kopecky 60 1 1 3
2 Shawn Matthias Curtis Glencross Enver Lisin 40 1 1 3
PowerPlay Defense
Defense Defense Time % Phy DF OF
1 Michael Kostka Andrew MacDonald 60 1 2 2
2 Jakub Kindl Shawn Belle 40 1 2 2
Penalty Kill 4 Players Forward
Center Wing Time % Phy DF OF
1 Curtis Glencross Tomas Kopecky 60 1 3 1
2 Enver Lisin Antoine Roussel 40 1 3 1
Penalty Kill 4 Players Defense
Defense Defense Time % Phy DF OF
1 Michael Kostka Shawn Belle 60 1 4 0
2 Jakub Kindl Andrew MacDonald 40 1 4 0
Penalty Kill - 3 Players Forward
Forward Time % Phy DF OF
1 Tomas Kopecky 60 1 4 0
2 Curtis Glencross 40 1 4 0
Penalty Kill - 3 Players Defense
Defense Defense Time % Phy DF OF
1 Michael Kostka Shawn Belle 60 1 4 0
2 Jakub Kindl Andrew MacDonald 40 1 4 0
4 vs 4 Forward
Center Wing Time % Phy DF OF
1 Sam Gagner Enver Lisin 60 1 2 2
2 Shawn Matthias Antoine Roussel 40 1 2 2
4 vs 4 Defense
Defense Defense Time % Phy DF OF
1 Jakub Kindl Shawn Belle 60 1 3 1
2 Peter Harrold Andrew MacDonald 40 1 3 1
Last Minutes Offensive
Center Left Wing Right Wing Defense Defense
Sam Gagner Antoine Roussel Enver Lisin Michael Kostka Jakub Kindl
Last Minutes Defensive
Center Left Wing Right Wing Defense Defense
Tomas Kopecky Curtis Glencross Enver Lisin Michael Kostka Jakub Kindl
Goaltenders
Starting : Marc Denis
Backup : Kevin Weekes
Extra Forwards
Normal : Antoine Roussel, Sam Gagner, Enver Lisin - PP : Marc-André Cliche, Matt Calvert - PK : Shawn Matthias
Extra Defensemen
Normal : Jakub Kindl, Michael Kostka, Shawn Belle - PP : Peter Harrold - PK : Peter Harrold, Steve Oleksy
Penalty Shots
Curtis Glencross, Enver Lisin, Tomas Kopecky, Antoine Roussel, Shawn Matthias
% Time on Ice - Patriotes
Lines # - Real PCT - Wanted PCT - Time Play
Normal Forward
1 - 30% - 40% - 15:03
2 - 32% - 30% - 15:51
3 - 20% - 20% - 9:44
4 - 18% - 10% - 8:53
Normal Defense
1 - 45% - 40% - 22:10
2 - 31% - 30% - 15:24
3 - 16% - 20% - 7:46
4 - 8% - 10% - 4:11
PP Forward
1 - 56% - 60% - 2:13
2 - 44% - 40% - 1:45
PP Defense
1 - 78% - 60% - 3:06
2 - 22% - 40% - 0:52
PK Forward
1 - 86% - 60% - 2:11
2 - 14% - 40% - 0:22
PK Defense
1 - 79% - 60% - 2:01
2 - 21% - 40% - 0:32
PK3 Forward
1 - 0% - 60%
2 - 0% - 40%
PK3 Defense
1 - 0% - 60%
2 - 0% - 40%
44 Forward
1 - 85% - 60% - 3:22
2 - 15% - 40% - 0:36
44 Defense
1 - 61% - 60% - 2:25
2 - 39% - 40% - 1:33
Last Minute Offensive - 0:00
Last Minute Defensive - 0:00
Total
Forward - 60:00
Defense - 60:00
|
% Time on Ice - Blackdemons
Lines # - Real PCT - Wanted PCT - Time Play
Normal Forward
1 - 29% - 40% - 14:29
2 - 29% - 30% - 14:19
3 - 26% - 20% - 13:01
4 - 16% - 10% - 7:42
Normal Defense
1 - 35% - 35% - 17:11
2 - 34% - 35% - 16:41
3 - 29% - 20% - 14:08
4 - 3% - 10% - 1:31
PP Forward
1 - 55% - 60% - 1:24
2 - 45% - 40% - 1:09
PP Defense
1 - 69% - 60% - 1:45
2 - 31% - 40% - 0:48
PK Forward
1 - 88% - 60% - 3:30
2 - 12% - 40% - 0:28
PK Defense
1 - 55% - 60% - 2:12
2 - 45% - 40% - 1:46
PK3 Forward
1 - 0% - 60%
2 - 0% - 40%
PK3 Defense
1 - 0% - 60%
2 - 0% - 40%
44 Forward
1 - 77% - 60% - 3:04
2 - 23% - 40% - 0:54
44 Defense
1 - 60% - 60% - 2:23
2 - 40% - 40% - 1:35
Last Minute Offensive - 0:00
Last Minute Defensive - 0:00
Total
Forward - 60:00
Defense - 60:00
|
Play by Play
1st period
0:01 of 1st period - Sam Gagner wins face-off versus Christian Hanson in neutral zone.
0:14 of 1st period - Wrist shot by Andreas Nodl.
0:14 of 1st period - Shot Misses the Net.
0:16 of 1st period - Slapshot by Brett Skinner.
0:16 of 1st period - Stopped by Marc Denis without a rebound.
0:17 of 1st period - Fedor Fedorov wins face-off versus Shawn Matthias in Blackdemons zone.
0:42 of 1st period - Marc-André Cliche is hit by Joe Charlebois.
0:43 of 1st period - Icing by Marc-André Cliche.
0:44 of 1st period - Ryan White wins face-off versus Marc-André Cliche in Blackdemons zone.
1:09 of 1st period - Shawn Belle is hit by Liam Reddox and loses puck.
2:20 of 1st period - Slapshot by Jared Boll.
2:20 of 1st period - Shot Misses the Net.
2:35 of 1st period - Icing by Andrew MacDonald.
2:36 of 1st period - James Wright wins face-off versus Sam Gagner in Blackdemons zone.
2:58 of 1st period - Icing by Curtis Glencross.
2:59 of 1st period - Sam Gagner wins face-off versus Andreas Nodl in Blackdemons zone.
3:10 of 1st period - Backhand shot by T.J Galiardi.
3:10 of 1st period - Stopped by Marc Denis with a rebound.
3:26 of 1st period - Slapshot by Curtis Glencross.
3:26 of 1st period - Shot Misses the Net.
3:28 of 1st period - Wrist shot by Enver Lisin.
3:28 of 1st period - Deflect By Sam Gagner.
3:28 of 1st period - Stopped by Joey MacDonald with a rebound.
3:30 of 1st period - Snap shot by Curtis Glencross.
3:30 of 1st period - Shot Misses the Net.
3:32 of 1st period - Wrist shot by Andrew MacDonald.
3:32 of 1st period - Deflect By Fedor Fedorov.
3:32 of 1st period - Stopped by Joey MacDonald without a rebound.
3:33 of 1st period - Sam Gagner wins face-off versus Christian Hanson in Patriotes zone.
3:34 of 1st period - Wrist shot by Enver Lisin.
3:34 of 1st period - Stopped by Joey MacDonald with a rebound.
3:36 of 1st period - Snap shot by Curtis Glencross.
3:36 of 1st period - Stopped by Joey MacDonald without a rebound.
3:37 of 1st period - Christian Hanson wins face-off versus Sam Gagner in Patriotes zone.
3:44 of 1st period - T.J Galiardi is hit by Curtis Glencross.
5:12 of 1st period - Wrist shot by Christian Hanson.
5:12 of 1st period - Stopped by Marc Denis with a rebound.
6:12 of 1st period - Jakub Kindl is hit by T.J Galiardi.
6:36 of 1st period - Minor Penalty to Curtis Glencross for Hooking.
6:37 of 1st period - Christian Hanson wins face-off versus Shawn Matthias in Blackdemons zone.
6:46 of 1st period - Wrist shot by Ben Guite.
6:46 of 1st period - Stopped by Marc Denis with a rebound.
8:36 of 1st period - Penalty to Curtis Glencross is over, Curtis Glencross is back on ice.
8:41 of 1st period - Antoine Roussel is hit by Jared Boll.
8:51 of 1st period - Wrist shot by Curtis Glencross.
8:51 of 1st period - Stopped by Joey MacDonald with a rebound.
8:53 of 1st period - Slapshot by Peter Harrold.
8:53 of 1st period - Stopped by Joey MacDonald with a rebound.
8:55 of 1st period - Wrist shot by Marc-André Cliche.
8:55 of 1st period - Shot Blocked by Liam Reddox.
9:03 of 1st period - Slapshot by Peter Harrold.
9:03 of 1st period - Stopped by Joey MacDonald with a rebound.
9:18 of 1st period - Frazer Mclaren is hit by James Wright and loses puck.
9:23 of 1st period - Wrist shot by Tomas Kubalik.
9:23 of 1st period - Shot Blocked by Steve Oleksy.
9:29 of 1st period - Ryan Wilson is hit by Frazer Mclaren and loses puck.
9:59 of 1st period - Michael Kostka is hit by Ben Guite and loses puck.
10:27 of 1st period - Snap shot by Zach Boychuk.
10:27 of 1st period - Shot Misses the Net.
10:29 of 1st period - Snap shot by Marc-André Cliche.
10:29 of 1st period - Shot Misses the Net.
10:43 of 1st period - Tomas Kopecky is hit by Jared Boll and loses puck.
11:05 of 1st period - Mike Duco is hit by Ben Guite and loses puck.
11:30 of 1st period - Shawn Belle is hit by Jared Boll and loses puck.
12:19 of 1st period - Brett Skinner is hit by Shawn Matthias.
12:44 of 1st period - Fedor Fedorov is hit by Shawn Belle and loses puck.
12:59 of 1st period - Davis Drewiske is hit by Enver Lisin and loses puck.
13:00 of 1st period - Davis Drewiske from Patriotes is injured at 13:00 of 1st period (Right Leg).
13:01 of 1st period - Christian Hanson wins face-off versus Sam Gagner in Patriotes zone.
13:28 of 1st period - Slapshot by Michael Kostka.
13:28 of 1st period - Shot Blocked by Brett Skinner.
13:36 of 1st period - Slapshot by Andreas Nodl.
13:36 of 1st period - Goal by Andreas Nodl - Patriotes : 1 - Blackdemons : 0.
13:37 of 1st period - Cory Emmerton wins face-off versus Sam Gagner in neutral zone.
13:40 of 1st period - Curtis Glencross is hit by Ben Guite and loses puck.
13:47 of 1st period - Wrist shot by Enver Lisin.
13:47 of 1st period - Shot Misses the Net.
14:03 of 1st period - Tomas Kopecky is hit by Christian Hanson and loses puck.
14:08 of 1st period - Snap shot by Andreas Nodl.
14:08 of 1st period - Shot Misses the Net.
14:32 of 1st period - Steven Zalewski is hit by Joe Charlebois.
14:36 of 1st period - Michael Kostka is hit by Ryan Wilson and loses puck.
15:11 of 1st period - Wrist shot by Marc-André Cliche.
15:11 of 1st period - Stopped by Joey MacDonald without a rebound.
15:12 of 1st period - Cory Emmerton wins face-off versus Shawn Matthias in Patriotes zone.
15:25 of 1st period - Snap shot by Cory Emmerton.
15:25 of 1st period - Shot Misses the Net.
15:27 of 1st period - Wrist shot by Fedor Fedorov.
15:27 of 1st period - Deflect By Tomas Kopecky.
15:27 of 1st period - Stopped by Marc Denis without a rebound.
15:28 of 1st period - Christian Hanson wins face-off versus Sam Gagner in Blackdemons zone.
15:29 of 1st period - Slapshot by Andreas Nodl.
15:29 of 1st period - Shot Misses the Net.
15:43 of 1st period - Snap shot by Enver Lisin.
15:43 of 1st period - Stopped by Joey MacDonald with a rebound.
16:03 of 1st period - Slapshot by Cory Emmerton.
16:03 of 1st period - Stopped by Marc Denis with a rebound.
16:05 of 1st period - Slapshot by Ryan Wilson.
16:05 of 1st period - Stopped by Marc Denis with a rebound.
16:23 of 1st period - Slapshot by Zach Boychuk.
16:23 of 1st period - Stopped by Joey MacDonald without a rebound.
16:24 of 1st period - Christian Hanson wins face-off versus Sam Gagner in Patriotes zone.
16:31 of 1st period - Michael Kostka is hit by T.J Galiardi and loses puck.
16:38 of 1st period - Snap shot by T.J Galiardi.
16:38 of 1st period - Shot Misses the Net.
16:40 of 1st period - Slapshot by Philip Larsen.
16:40 of 1st period - Stopped by Marc Denis with a rebound.
17:11 of 1st period - Slapshot by Michael Kostka.
17:11 of 1st period - Stopped by Joey MacDonald with a rebound.
17:13 of 1st period - Slapshot by Michael Kostka.
17:13 of 1st period - Stopped by Joey MacDonald without a rebound.
17:14 of 1st period - Marc-André Cliche wins face-off versus Ryan White in Patriotes zone.
17:17 of 1st period - Slapshot by Zach Boychuk.
17:17 of 1st period - Stopped by Joey MacDonald with a rebound.
17:19 of 1st period - Slapshot by Jakub Kindl.
17:19 of 1st period - Shot Blocked by Brett Skinner.
17:25 of 1st period - Wrist shot by Marc-André Cliche.
17:25 of 1st period - Deflect By Zach Boychuk.
17:25 of 1st period - Stopped by Joey MacDonald without a rebound.
17:26 of 1st period - Christian Hanson wins face-off versus Sam Gagner in Patriotes zone.
17:26 of 1st period - Christian Hanson is hit by Sam Gagner.
17:34 of 1st period - Wrist shot by Andreas Nodl.
17:34 of 1st period - Stopped by Marc Denis with a rebound.
17:36 of 1st period - Slapshot by Philip Larsen.
17:36 of 1st period - Shot Blocked by Jakub Kindl.
17:38 of 1st period - Slapshot by Andreas Nodl.
17:38 of 1st period - Shot Misses the Net.
17:40 of 1st period - Snap shot by T.J Galiardi.
17:40 of 1st period - Shot Misses the Net.
17:51 of 1st period - Icing by Enver Lisin.
17:52 of 1st period - Cory Emmerton wins face-off versus Shawn Matthias in Blackdemons zone.
17:55 of 1st period - Slapshot by Fedor Fedorov.
17:55 of 1st period - Stopped by Marc Denis without a rebound.
17:56 of 1st period - Shawn Matthias wins face-off versus Cory Emmerton in Blackdemons zone.
18:22 of 1st period - Icing by Shawn Belle.
18:23 of 1st period - Christian Hanson wins face-off versus Shawn Matthias in Blackdemons zone.
18:32 of 1st period - Wrist shot by Tomas Kopecky.
18:32 of 1st period - Shot Misses the Net.
18:38 of 1st period - Slapshot by Tomas Kopecky.
18:38 of 1st period - Shot Misses the Net.
18:40 of 1st period - Slapshot by Shawn Belle.
18:40 of 1st period - Shot Blocked by Brett Skinner.
18:42 of 1st period - Wrist shot by Antoine Roussel.
18:42 of 1st period - Stopped by Joey MacDonald with a rebound.
18:52 of 1st period - Snap shot by Antoine Roussel.
18:52 of 1st period - Shot Misses the Net.
18:54 of 1st period - Snap shot by Shawn Matthias.
18:54 of 1st period - Shot Misses the Net.
18:56 of 1st period - Slapshot by Jakub Kindl.
18:56 of 1st period - Shot Misses the Net.
18:58 of 1st period - Snap shot by Tomas Kopecky.
18:58 of 1st period - Stopped by Joey MacDonald without a rebound.
18:59 of 1st period - Sam Gagner wins face-off versus Cory Emmerton in Patriotes zone.
19:06 of 1st period - Wrist shot by Enver Lisin.
19:06 of 1st period - Stopped by Joey MacDonald without a rebound.
19:07 of 1st period - Sam Gagner wins face-off versus Cory Emmerton in Patriotes zone.
19:21 of 1st period - Snap shot by Curtis Glencross.
19:21 of 1st period - Shot Misses the Net.
19:23 of 1st period - Snap shot by Peter Harrold.
19:23 of 1st period - Deflect By Curtis Glencross.
19:23 of 1st period - Shot Misses the Net.
19:23 of 1st period - Puck is out of play.
19:24 of 1st period - Christian Hanson wins face-off versus Shawn Matthias in Patriotes zone.
19:31 of 1st period - Backhand shot by Andreas Nodl.
19:31 of 1st period - Shot Misses the Net.
19:51 of 1st period - Cory Emmerton is hit by Sam Gagner and loses puck.
2nd period
0:01 of 2nd period - Sam Gagner wins face-off versus Christian Hanson in neutral zone.
0:12 of 2nd period - Minor Penalty to Jakub Kindl for Tripping.
0:12 of 2nd period - Minor Penalty to Philip Larsen for Interference.
0:13 of 2nd period - Sam Gagner wins face-off versus Ben Guite in neutral zone.
1:02 of 2nd period - Fedor Fedorov is hit by Shawn Matthias and loses puck.
1:09 of 2nd period - Wrist shot by Michael Kostka.
1:09 of 2nd period - Deflect By Fedor Fedorov.
1:09 of 2nd period - Goal by Michael Kostka - Patriotes : 1 - Blackdemons : 1.
1:10 of 2nd period - Sam Gagner wins face-off versus Ben Guite in neutral zone.
1:33 of 2nd period - Shawn Belle is hit by Andreas Nodl and loses puck.
1:54 of 2nd period - Wrist shot by Shawn Matthias.
1:54 of 2nd period - Shot Misses the Net.
1:56 of 2nd period - Slapshot by Andrew MacDonald.
1:56 of 2nd period - Stopped by Joey MacDonald with a rebound.
1:58 of 2nd period - Slapshot by Andrew MacDonald.
1:58 of 2nd period - Stopped by Joey MacDonald without a rebound.
1:59 of 2nd period - Sam Gagner wins face-off versus Ben Guite in Patriotes zone.
2:12 of 2nd period - Penalty to Jakub Kindl is over, Jakub Kindl is back on ice.
2:12 of 2nd period - Penalty to Philip Larsen is over, Philip Larsen is back on ice.
2:40 of 2nd period - Snap shot by Shawn Belle.
2:40 of 2nd period - Deflect By Frazer Mclaren.
2:40 of 2nd period - Shot Misses the Net.
2:40 of 2nd period - Puck is out of play.
2:41 of 2nd period - James Wright wins face-off versus Steven Zalewski in Patriotes zone.
2:41 of 2nd period - James Wright is hit by Frazer Mclaren.
3:15 of 2nd period - Wrist shot by Andreas Nodl.
3:15 of 2nd period - Stopped by Marc Denis without a rebound.
3:16 of 2nd period - Shawn Matthias wins face-off versus Christian Hanson in Blackdemons zone.
3:42 of 2nd period - Cory Emmerton is hit by Curtis Glencross and loses puck.
3:47 of 2nd period - Wrist shot by Enver Lisin.
3:47 of 2nd period - Shot Misses the Net.
3:49 of 2nd period - Wrist shot by Enver Lisin.
3:49 of 2nd period - Goal by Enver Lisin - Patriotes : 1 - Blackdemons : 2.
3:50 of 2nd period - Sam Gagner wins face-off versus Christian Hanson in neutral zone.
3:53 of 2nd period - Slapshot by Jakub Kindl.
3:53 of 2nd period - Stopped by Joey MacDonald with a rebound.
4:21 of 2nd period - Cory Emmerton is hit by Zach Boychuk and loses puck.
4:40 of 2nd period - Backhand shot by Tomas Kopecky.
4:40 of 2nd period - Shot Blocked by Ryan Wilson.
5:12 of 2nd period - Slapshot by Peter Harrold.
5:12 of 2nd period - Shot Blocked by Jared Boll.
5:54 of 2nd period - Wrist shot by Ben Guite.
5:54 of 2nd period - Shot Blocked by Steve Oleksy.
6:24 of 2nd period - Brett Skinner is hit by Frazer Mclaren and loses puck.
6:41 of 2nd period - Enver Lisin is hit by Philip Larsen and loses puck.
6:54 of 2nd period - Slapshot by Michael Kostka.
6:54 of 2nd period - Shot Misses the Net.
6:56 of 2nd period - Slapshot by Michael Kostka.
6:56 of 2nd period - Shot Misses the Net.
6:58 of 2nd period - Wrist shot by Zach Boychuk.
6:58 of 2nd period - Shot Misses the Net.
7:00 of 2nd period - Snap shot by Michael Kostka.
7:00 of 2nd period - Deflect By Tomas Kubalik.
7:00 of 2nd period - Stopped by Joey MacDonald without a rebound.
7:01 of 2nd period - Sam Gagner wins face-off versus Andreas Nodl in Patriotes zone.
7:04 of 2nd period - Snap shot by Enver Lisin.
7:04 of 2nd period - Shot Misses the Net.
7:27 of 2nd period - Joe Charlebois is hit by Jakub Kindl and loses puck.
8:21 of 2nd period - Joe Charlebois is hit by Frazer Mclaren and loses puck.
8:39 of 2nd period - Ryan Wilson is hit by Sam Gagner and loses puck.
8:58 of 2nd period - Wrist shot by Andreas Nodl.
8:58 of 2nd period - Shot Blocked by Andrew MacDonald.
9:00 of 2nd period - Wrist shot by T.J Galiardi.
9:00 of 2nd period - Deflect By Andreas Nodl.
9:00 of 2nd period - Stopped by Marc Denis with a rebound.
9:02 of 2nd period - Snap shot by Christian Hanson.
9:02 of 2nd period - Shot Misses the Net.
9:04 of 2nd period - Slapshot by Ryan Wilson.
9:04 of 2nd period - Stopped by Marc Denis with a rebound.
9:06 of 2nd period - Slapshot by Ryan Wilson.
9:06 of 2nd period - Stopped by Marc Denis with a rebound.
9:36 of 2nd period - Ryan White is hit by Frazer Mclaren and loses puck.
9:46 of 2nd period - Wrist shot by Brock Trotter.
9:46 of 2nd period - Stopped by Marc Denis without a rebound.
9:47 of 2nd period - Christian Hanson wins face-off versus Sam Gagner in Blackdemons zone.
10:19 of 2nd period - Wrist shot by Antoine Roussel.
10:19 of 2nd period - Shot Misses the Net.
10:25 of 2nd period - Snap shot by Cory Emmerton.
10:25 of 2nd period - Shot Misses the Net.
10:46 of 2nd period - Steve Oleksy is hit by Jared Boll and loses puck.
11:21 of 2nd period - Minor Penalty to Andrew MacDonald for Cross-checking.
11:21 of 2nd period - Minor Penalty to Andreas Nodl for Holding.
11:22 of 2nd period - Ben Guite wins face-off versus Sam Gagner in Blackdemons zone.
11:23 of 2nd period - Slapshot by Jared Boll.
11:23 of 2nd period - Stopped by Marc Denis with a rebound.
11:32 of 2nd period - Off-side.
11:33 of 2nd period - Ben Guite wins face-off versus Sam Gagner in neutral zone.
11:38 of 2nd period - Slapshot by Ryan Wilson.
11:38 of 2nd period - Shot Blocked by Jakub Kindl.
11:48 of 2nd period - Wrist shot by Sam Gagner.
11:48 of 2nd period - Shot Blocked by Jared Boll.
11:58 of 2nd period - Enver Lisin is hit by Ben Guite.
12:20 of 2nd period - Wrist shot by Antoine Roussel.
12:20 of 2nd period - Stopped by Joey MacDonald with a rebound.
12:24 of 2nd period - Wrist shot by Antoine Roussel.
12:24 of 2nd period - Shot Misses the Net.
13:00 of 2nd period - Peter Harrold is hit by Ryan Wilson and loses puck.
13:21 of 2nd period - Penalty to Andrew MacDonald is over, Andrew MacDonald is back on ice.
13:21 of 2nd period - Penalty to Andreas Nodl is over, Andreas Nodl is back on ice.
13:28 of 2nd period - Snap shot by Antoine Roussel.
13:28 of 2nd period - Stopped by Joey MacDonald without a rebound.
13:29 of 2nd period - Marc-André Cliche wins face-off versus James Wright in Patriotes zone.
13:40 of 2nd period - Slapshot by Zach Boychuk.
13:40 of 2nd period - Stopped by Joey MacDonald with a rebound.
13:51 of 2nd period - Icing by Philip Larsen.
13:52 of 2nd period - James Wright wins face-off versus Tomas Kopecky in Patriotes zone.
14:21 of 2nd period - Snap shot by Ben Guite.
14:21 of 2nd period - Deflect By Fedor Fedorov.
14:21 of 2nd period - Stopped by Marc Denis with a rebound.
15:03 of 2nd period - T.J Galiardi is hit by Andrew MacDonald and loses puck.
15:10 of 2nd period - Slapshot by Andrew MacDonald.
15:10 of 2nd period - Stopped by Joey MacDonald with a rebound.
15:20 of 2nd period - Shawn Matthias is hit by Liam Reddox and loses puck.
15:44 of 2nd period - Enver Lisin is hit by Ben Guite and loses puck.
16:01 of 2nd period - Ryan White is hit by Zach Boychuk and loses puck.
16:12 of 2nd period - Slapshot by Peter Harrold.
16:12 of 2nd period - Stopped by Joey MacDonald with a rebound.
16:46 of 2nd period - Wrist shot by Antoine Roussel.
16:46 of 2nd period - Stopped by Joey MacDonald with a rebound.
16:48 of 2nd period - Slapshot by Peter Harrold.
16:48 of 2nd period - Shot Misses the Net.
16:50 of 2nd period - Wrist shot by Antoine Roussel.
16:50 of 2nd period - Shot Misses the Net.
16:52 of 2nd period - Slapshot by Peter Harrold.
16:52 of 2nd period - Shot Misses the Net.
17:27 of 2nd period - Joe Charlebois is hit by Marc-André Cliche and loses puck.
17:45 of 2nd period - Shawn Belle is hit by Liam Reddox and loses puck.
17:56 of 2nd period - Slapshot by Tomas Kubalik.
17:56 of 2nd period - Stopped by Marc Denis with a rebound.
17:58 of 2nd period - Wrist shot by Tomas Kubalik.
17:58 of 2nd period - Shot Misses the Net.
18:06 of 2nd period - Snap shot by Ben Guite.
18:06 of 2nd period - Shot Misses the Net.
18:38 of 2nd period - Zach Boychuk is hit by Ryan Wilson and loses puck.
18:45 of 2nd period - Snap shot by Liam Reddox.
18:45 of 2nd period - Stopped by Marc Denis with a rebound.
18:47 of 2nd period - Slapshot by Philip Larsen.
18:47 of 2nd period - Stopped by Marc Denis without a rebound.
18:48 of 2nd period - Sam Gagner wins face-off versus Christian Hanson in Blackdemons zone.
18:53 of 2nd period - Wrist shot by Curtis Glencross.
18:53 of 2nd period - Shot Misses the Net.
18:56 of 2nd period - Icing by Philip Larsen.
18:57 of 2nd period - Sam Gagner wins face-off versus Christian Hanson in Patriotes zone.
19:24 of 2nd period - Snap shot by Andreas Nodl.
19:24 of 2nd period - Stopped by Marc Denis with a rebound.
19:26 of 2nd period - Wrist shot by T.J Galiardi.
19:26 of 2nd period - Shot Blocked by Michael Kostka.
19:28 of 2nd period - Snap shot by Andreas Nodl.
19:28 of 2nd period - Stopped by Marc Denis without a rebound.
19:29 of 2nd period - Shawn Matthias wins face-off versus Ryan White in Blackdemons zone.
19:34 of 2nd period - Ryan White is hit by Peter Harrold and loses puck.
19:36 of 2nd period - Minor Penalty to Ryan White for High sticking.
19:37 of 2nd period - Sam Gagner wins face-off versus Ben Guite in Patriotes zone.
3rd period
0:01 of 3rd period - Sam Gagner wins face-off versus Ben Guite in neutral zone.
0:10 of 3rd period - Snap shot by Tomas Kopecky.
0:10 of 3rd period - Goal by Tomas Kopecky - Patriotes : 1 - Blackdemons : 3.
0:11 of 3rd period - Sam Gagner wins face-off versus Christian Hanson in neutral zone.
0:26 of 3rd period - Slapshot by Cameron Gaunce.
0:26 of 3rd period - Shot Blocked by Shawn Belle.
0:55 of 3rd period - Snap shot by Antoine Roussel.
0:55 of 3rd period - Stopped by Joey MacDonald without a rebound.
0:56 of 3rd period - Marc-André Cliche wins face-off versus Ryan White in Patriotes zone.
1:57 of 3rd period - Slapshot by Ryan Wilson.
1:57 of 3rd period - Stopped by Marc Denis with a rebound.
1:59 of 3rd period - Wrist shot by Jared Boll.
1:59 of 3rd period - Stopped by Marc Denis with a rebound.
2:16 of 3rd period - Minor Penalty to Peter Harrold for Hooking.
2:17 of 3rd period - Curtis Glencross wins face-off versus Christian Hanson in Blackdemons zone.
4:13 of 3rd period - Sam Gagner is hit by Fedor Fedorov and loses puck.
4:16 of 3rd period - Penalty to Peter Harrold is over, Peter Harrold is back on ice.
4:24 of 3rd period - Slapshot by Marc-André Cliche.
4:24 of 3rd period - Shot Misses the Net.
4:26 of 3rd period - Wrist shot by Matt Calvert.
4:26 of 3rd period - Shot Misses the Net.
4:30 of 3rd period - Wrist shot by Marc-André Cliche.
4:30 of 3rd period - Deflect By Liam Reddox.
4:30 of 3rd period - Goal by Marc-André Cliche - Patriotes : 1 - Blackdemons : 4.
4:31 of 3rd period - Sam Gagner wins face-off versus Ryan White in neutral zone.
4:40 of 3rd period - Backhand shot by Jared Boll.
4:40 of 3rd period - Shot Misses the Net.
5:47 of 3rd period - Andrew MacDonald is hit by Joe Charlebois and loses puck.
6:10 of 3rd period - Wrist shot by Christian Hanson.
6:10 of 3rd period - Stopped by Marc Denis without a rebound.
6:11 of 3rd period - Cory Emmerton wins face-off versus Shawn Matthias in Blackdemons zone.
6:27 of 3rd period - Shawn Belle is hit by Brett Skinner and loses puck.
7:12 of 3rd period - Snap shot by Mike Duco.
7:12 of 3rd period - Goal by Mike Duco - Patriotes : 1 - Blackdemons : 5.
7:13 of 3rd period - Sam Gagner wins face-off versus Christian Hanson in neutral zone.
7:46 of 3rd period - Slapshot by Ben Guite.
7:46 of 3rd period - Shot Misses the Net.
7:48 of 3rd period - Wrist shot by Cory Emmerton.
7:48 of 3rd period - Shot Misses the Net.
7:50 of 3rd period - Wrist shot by Fedor Fedorov.
7:50 of 3rd period - Deflect By Ben Guite.
7:50 of 3rd period - Shot Blocked by Shawn Belle.
7:50 of 3rd period - Puck is out of play.
7:51 of 3rd period - Curtis Glencross wins face-off versus Cory Emmerton in Blackdemons zone.
7:58 of 3rd period - Snap shot by Enver Lisin.
7:58 of 3rd period - Stopped by Joey MacDonald without a rebound.
7:59 of 3rd period - Sam Gagner wins face-off versus Cory Emmerton in Patriotes zone.
9:04 of 3rd period - Andrew MacDonald is hit by Cory Emmerton and loses puck.
9:45 of 3rd period - Snap shot by Tomas Kubalik.
9:45 of 3rd period - Goal by Tomas Kubalik - Patriotes : 2 - Blackdemons : 5.
9:46 of 3rd period - Christian Hanson wins face-off versus Sam Gagner in neutral zone.
9:46 of 3rd period - Minor Penalty to Philip Larsen for Hooking.
9:47 of 3rd period - Sam Gagner wins face-off versus Ben Guite in Patriotes zone.
10:33 of 3rd period - Snap shot by Christian Hanson.
10:33 of 3rd period - Shot Blocked by Sam Gagner.
10:57 of 3rd period - Cameron Gaunce is hit by Tomas Kopecky and loses puck.
11:35 of 3rd period - Brock Trotter is hit by Enver Lisin.
11:45 of 3rd period - Enver Lisin is hit by James Wright and loses puck.
11:46 of 3rd period - Penalty to Philip Larsen is over, Philip Larsen is back on ice.
12:07 of 3rd period - Wrist shot by Fedor Fedorov.
12:07 of 3rd period - Shot Blocked by Curtis Glencross.
12:09 of 3rd period - Slapshot by Cameron Gaunce.
12:09 of 3rd period - Shot Blocked by Peter Harrold.
12:11 of 3rd period - Slapshot by Cameron Gaunce.
12:11 of 3rd period - Deflect By Curtis Glencross.
12:11 of 3rd period - Goal by Cameron Gaunce - Patriotes : 3 - Blackdemons : 5.
12:12 of 3rd period - Zach Boychuk wins face-off versus Christian Hanson in neutral zone.
12:31 of 3rd period - Christian Hanson is hit by Matt Calvert and loses puck.
13:23 of 3rd period - Philip Larsen is hit by Andrew MacDonald and loses puck.
13:38 of 3rd period - Slapshot by Philip Larsen.
13:38 of 3rd period - Shot Misses the Net.
16:19 of 3rd period - James Wright is hit by Sam Gagner and loses puck.
18:24 of 3rd period - Joe Charlebois is hit by Marc-André Cliche and loses puck.
18:31 of 3rd period - Joe Charlebois is hit by Marc-André Cliche and loses puck.
19:28 of 3rd period - Wrist shot by Tomas Kubalik.
19:28 of 3rd period - Shot Misses the Net.
19:40 of 3rd period - Wrist shot by Peter Harrold.
19:40 of 3rd period - Shot Misses the Net.
19:42 of 3rd period - Wrist shot by Marc-André Cliche.
19:42 of 3rd period - Shot Blocked by Ben Guite.
19:44 of 3rd period - Snap shot by Peter Harrold.
19:44 of 3rd period - Deflect By Ben Guite.
19:44 of 3rd period - Stopped by Joey MacDonald with a rebound.
19:52 of 3rd period - Wrist shot by Marc-André Cliche.
19:52 of 3rd period - Shot Misses the Net.
19:54 of 3rd period - Slapshot by Steve Oleksy.
19:54 of 3rd period - Stopped by Joey MacDonald without a rebound.
19:55 of 3rd period - Shawn Matthias wins face-off versus Brock Trotter in Patriotes zone.
Output by the SimonT Hockey Simulator (STHS) for François Prévost -- Original Page W3C XHTML 1.0 Valid